[Event "The Kvibergspelen 2024"]
[Site "Kviberg Park Hotel & Conference, Krutvagen 2, Gothenburg, Sweden"]
[Date "2024.09.06"]
[Round "2.21"]
[White "Bergdahl, Martin"]
[Black "Eriksson, Kristian"]
[Result "0-1"]
[TimeControl "15 minutes + 5 seconds per move from move one (Round 1 - 4) / 90 minutes + 30 seconds per move from move one (Round 5 - 8)"]
[WhiteFideId "1782231"]
[BlackFideId "1705172"]
[WhiteElo "1763"]
[BlackElo "2051"]

1. e4 e5 2. Nf3 Nc6 3. Bb5 a6 4. Ba4 d6 5. c3 Bd7 6. O-O Nge7 7. d4 Ng6 8. Bb3 Be7 9. Be3 O-O 10.
Nbd2 Bf6 11. dxe5 Ncxe5 12. Nxe5 Nxe5 13. f4 Ng6 14. Nf3 Re8 15. e5 Be7 16. f5 Nxe5 17. Nxe5 dxe5 18. Qd5 Rf8 19.
Qxe5 Bf6 20. Qg3 Bc6 21. Rad1 Qe7 22. Rfe1 Rad8 23. Bg5 Rxd1 24. Bxd1 Qc5+ 25.
Be3 Qxf5 26. Rf1 Qg6 27. Qxg6 hxg6 28. Bf4 Bd5 29. Bxc7 Bxa2 30. Bf3 Re8 31. Bxb7 Re7 32. Bxa6 Rxc7 33.
Bd3 Bb3 34. Ra1 Rd7 35. Ra3 Be6 36. Bb5 Rd1+ 37. Bf1 Bc4 38. Ra8+ Kh7 39. b4 Rxf1# 0-1

[Event "The Kvibergspelen 2024"]
[Site "Kviberg Park Hotel & Conference, Krutvagen 2, Gothenburg, Sweden"]
[Date "2024.09.06"]
[Round "3.1"]
[White "Nilsson, Patrik"]
[Black "Kucuksari, Kaan"]
[Result "0-1"]
[TimeControl "15 minutes + 5 seconds per move from move one (Round 1 - 4) / 90 minutes + 30 seconds per move from move one (Round 5 - 8)"]
[BlackTitle "IM"]
[WhiteFideId "1708171"]
[BlackFideId "6380166"]
[WhiteElo "2124"]
[BlackElo "2455"]

1. d4 Nf6 2. Bf4 e6 3. e3 d5 4.
Nd2 Bd6 5. Bg3 O-O 6. Bd3 b6 7.
Qe2 Bb7 8. e4 dxe4 9. Nxe4 Nxe4 10. Bxe4 Bxe4 11. Qxe4 Nd7 12. Nf3 Nf6 13. Qd3 Qd7 14. Bh4 Nd5 15. Ng5 f5 16. Bg3 h6 17.
Bxd6 cxd6 18. Nh3 Rac8 19. c3 g5 20. Qd2 f4 21. O-O-O b5 22. Kb1 b4 23. cxb4 Rb8 24. a3 a5 25.
bxa5 Kg7 26. Ng1 Rb3 27. Ka1 Rfb8 28. Rb1 Qa4 29. Ne2 R8b5 30. Nc1 R3b4 31. Rd1 Rxa5 32. g3 Rc4 33. Na2 Rc2 34.
Qd3 Rxf2 35. Nc3 Qxa3+ 0-1

[Event "The Kvibergspelen 2024"]
[Site "Kviberg Park Hotel & Conference, Krutvagen 2, Gothenburg, Sweden"]
[Date "2024.09.06"]
[Round "3.2"]
[White "Sorensen, Hampus"]
[Black "Ask, Josef"]
[Result "1-0"]
[TimeControl "15 minutes + 5 seconds per move from move one (Round 1 - 4) / 90 minutes + 30 seconds per move from move one (Round 5 - 8)"]
[WhiteTitle "IM"]
[BlackTitle "FM"]
[WhiteFideId "8703884"]
[BlackFideId "1704583"]
[WhiteElo "2420"]
[BlackElo "2106"]

1. d4 c5 2. d5 f5 3. c4 Nf6 4.
Nc3 g6 5. g3 Bg7 6. Bg2 d6 7. Nf3 Na6 8. O-O O-O 9. Re1 Rb8 10. h3 Nc7 11. a4 Na6 12. e4 fxe4 13. Nxe4 Nxe4 14.
Rxe4 Bf5 15. Re2 Nb4 16. Ra3 b6 17. g4 Bc8 18. Bg5 Rb7 19. Rae3 Rf7 20. Qe1 Bf8 21. Bh4 h6 22. Qb1 g5 23.
Bg3 Rg7 24. Ne1 a6 25. f4 b5 26. fxg5 hxg5 27. Rf2 bxa4 28. Ref3 Bd7 29. Rxf8+ Qxf8 30. Rxf8+ Kxf8 31. Be4 Rf7 32.
Nf3 Rg7 33. Bf5 Be8 34. h4 gxh4 35. Bf4 Kg8 36. Bh6 e5 37. Bxg7 Rxg7 38. Be6+ Kh8 39. Qf5 Bg6 40. Qf8+ Kh7 41. Ng5+ Kh6 42. Qh8+ Kxg5 43. Qxg7 Nd3 44.
Bf5 Nf4 45. Qe7+ Kh6 46. Qxh4+ Kg7 47. Qe7+ Kh6 48. Qxd6 1-0

[Event "The Kvibergspelen 2024"]
[Site "Kviberg Park Hotel & Conference, Krutvagen 2, Gothenburg, Sweden"]
[Date "2024.09.06"]
[Round "3.3"]
[White "Lehtonen, Ture"]
[Black "Arman, Deniz"]
[Result "0-1"]
[TimeControl "15 minutes + 5 seconds per move from move one (Round 1 - 4) / 90 minutes + 30 seconds per move from move one (Round 5 - 8)"]
[BlackTitle "FM"]
[WhiteFideId "1712446"]
[BlackFideId "6302106"]
[WhiteElo "2099"]
[BlackElo "2348"]

1. b4 d5 2. Bb2 Qd6 3.
a3 a5 4.
b5 a4 5.
Nf3 Nd7 6. e3 e5 7. c4 e4 8. Nd4 Nc5 9. cxd5 Nf6 10. Nc3 Nxd5 11. Nxd5 Qxd5 12. Qc2 Bd6 13. f4 exf3 14. gxf3 Qh5 15.
O-O-O Nb3+ 16. Nxb3 axb3 17. Qxb3 Be6 18. Qc3 Qd5 19. d4 Qxf3 20. Rg1 Qf6 21. Bg2 Ra4 22. d5 Qxc3+ 23. Bxc3 Bxa3+ 24. Kc2 Bd7 25. Kb3 Bxb5 26. Ra1 Rg4 27. Kxa3 f6 28. Kb2 O-O 29. Bh3 Rh4 30. Be6+ Kh8 31. Rg2 Bd3 32. Ra7 Ba6 33.
Be1 Re4 34. Bg3 c6 35. Bf5 Rb4+ 36. Ka3 Rb5 37. dxc6 Ra5+ 38. Kb4 Rxf5 39. cxb7 Rb5+ 40. Ka4 Bxb7 41. Rg1 Bc6 42. Ka3 Re8 43. Re1 g5 44. h4 Kg8 45.
h5 h6 46. Re2 f5 47. Bd6 f4 48. Bb4 Re4 49. Rd2 Rbxb4 50. Rd8+ Be8 51. Rxe8+ Rxe8 52. Kxb4 Rxe3 0-1

[Event "The Kvibergspelen 2024"]
[Site "Kviberg Park Hotel & Conference, Krutvagen 2, Gothenburg, Sweden"]
[Date "2024.09.06"]
[Round "3.4"]
[White "Lindberg, Bengt"]
[Black "Krilovs, Nikolajs"]
[Result "1/2-1/2"]
[TimeControl "15 minutes + 5 seconds per move from move one (Round 1 - 4) / 90 minutes + 30 seconds per move from move one (Round 5 - 8)"]
[WhiteTitle "IM"]
[WhiteFideId "1700359"]
[BlackFideId "11603100"]
[WhiteElo "2337"]
[BlackElo "2054"]

1. e4 c5 2. Nf3 d6 3. d4 cxd4 4. Nxd4 Nf6 5. Nc3 a6 6. Be3 e5 7. Nb3 Nc6 8. a4 Be6 9. Nd5 Bxd5 10.
exd5 Nb4 11. c4 a5 12. c5 Be7 13. Bb5+ Kf8 14. c6 Nfxd5 15. cxb7 Nxe3 16. fxe3 Rb8 17. O-O g6 18. Qf3 f6 19.
Rac1 Kg7 20. Nd2 d5 21. e4 Qb6+ 22. Kh1 Qxb7 23. exd5 Qxd5 24. Rc7 Qxf3 25. Nxf3 Nd5 26. Ra7 Ra8 27.
Rb7 Rhb8 28. Rd7 Rd8 29. Rb7 Rdb8 30. Rd7 Rd8 1/2-1/2

[Event "The Kvibergspelen 2024"]
[Site "Kviberg Park Hotel & Conference, Krutvagen 2, Gothenburg, Sweden"]
[Date "2024.09.06"]
[Round "3.5"]
[White "Wahlstrom, Lennart"]
[Black "Ostlund, Joar"]
[Result "1/2-1/2"]
[TimeControl "15 minutes + 5 seconds per move from move one (Round 1 - 4) / 90 minutes + 30 seconds per move from move one (Round 5 - 8)"]
[BlackTitle "FM"]
[WhiteFideId "1706829"]
[BlackFideId "1735020"]
[WhiteElo "2058"]
[BlackElo "2335"]

1. e4 e5 2. Nf3 Nc6 3. d4 exd4 4. Nxd4 Nf6 5. Nxc6 bxc6 6. Bd3 d5 7. exd5 cxd5 8. O-O Be7 9. c4 d4 10.
Nd2 O-O 11. Ne4 Bb7 12. Nxf6+ Bxf6 13. Re1 g6 14. Bf4 Qd7 15. f3 c5 16. Qd2 Rfe8 17. b3 h5 18. Rxe8+ Rxe8 19. Re1 Kg7 20.
Rxe8 Qxe8 21. Qe2 Qd7 22. a3 Bc6 23. b4 cxb4 24. axb4 Bb7 25. b5 Qd8 26. c5 Qa5 27. c6 Bc8 28.
Be5 Qa1+ 29. Kf2 Qc1 30.
Bxf6+ Kxf6 31. Bc4 Be6 32. Bxe6 fxe6 33. Qd3 Qb2+ 34. Qe2 Qc3 35. f4 Ke7 36. Qe5 Qc2+ 37. Kg3 d3 38. Qg7+ Kd6 39. Qd4+ Ke7 40. Qg7+ Kd6 41.
Qd4+ 1/2-1/2

[Event "The Kvibergspelen 2024"]
[Site "Kviberg Park Hotel & Conference, Krutvagen 2, Gothenburg, Sweden"]
[Date "2024.09.06"]
[Round "3.6"]
[White "Eriksson, Kristian"]
[Black "Grahn, Vidar"]
[Result "0-1"]
[TimeControl "15 minutes + 5 seconds per move from move one (Round 1 - 4) / 90 minutes + 30 seconds per move from move one (Round 5 - 8)"]
[BlackTitle "FM"]
[WhiteFideId "1705172"]
[BlackFideId "1744780"]
[WhiteElo "2051"]
[BlackElo "2219"]

1. e4 c5 2. Nf3 e6 3. Nc3 Nc6 4. d4 cxd4 5. Nxd4 Qc7 6. Be2 Nf6 7. Be3 a6 8. O-O Be7 9. Kh1 O-O 10.
f4 d6 11. Qe1 Nxd4 12. Bxd4 b5 13. a3 Bb7 14. Qg3 Rad8 15. Rae1 Bc6 16. Bd3 Nh5 17. Qg4 Nf6 18. Qh3 e5 19.
Be3 Qb7 20. fxe5 dxe5 21. Bg5 Qd7 22. Qh4 Qe6 23. Rf3 h5 24. Bxf6 Bxf6 25. Qxh5 g6 26. Qh6 Bg7 27. Qe3 Qg4 28.
Rg3 Qf4 29. Rf1 Qxe3 30. Rxe3 Bh6 31. Re2 Bf4 32. g3 Bh6 33. Kg1 Rb8 34. Nd5 Kg7 35. c4 Rfd8 36. Rd1 bxc4 37. Bxc4 a5 38.
Rc2 Ba4 39. b3 Bxb3 40. Bxb3 Rxb3 41. Rc7 Rxa3 42. Rf1 Rf8 43. Nf6 Be3+ 44. Kg2 Ra2+ 45. Kf3 Bb6 46. Rb7 Bd4 47. Nd5 Rxh2 48.
Kg4 a4 49. Nc7 Kg8 50. Nb5 Bb2 51. Nd6 a3 52. Ra7 Rd2 53. Nxf7 Rh2 54. Kg5 a2 55. Nh6+ Rxh6 56. Kxh6 Rxf1 0-1

[Event "The Kvibergspelen 2024"]
[Site "Kviberg Park Hotel & Conference, Krutvagen 2, Gothenburg, Sweden"]
[Date "2024.09.06"]
[Round "3.7"]
[White "Nord, Alexander"]
[Black "Nilsson, Oliver"]
[Result "1-0"]
[TimeControl "15 minutes + 5 seconds per move from move one (Round 1 - 4) / 90 minutes + 30 seconds per move from move one (Round 5 - 8)"]
[WhiteTitle "CM"]
[WhiteFideId "1738135"]
[BlackFideId "1730177"]
[WhiteElo "2209"]
[BlackElo "2050"]

1. d4 d5 2. c4 c6 3.
Nc3 Nf6 4. Nf3 g6 5. cxd5 cxd5 6. Bf4 Nc6 7. e3 Nh5 8. Bg5 h6 9. Bh4 Bg7 10. Bd3 g5 11. Bg3 Nxg3 12. hxg3 e6 13. g4 Bd7 14. Kf1 Rc8 15. Qd2 Qe7 16.
a3 O-O 17. b4 f5 18. gxf5 g4 19. Nh4 Qg5 20. Ng6 Bxd4 21. Nxf8 Rxf8 22. Rd1 Bxc3 23. Qxc3 e5 24. b5 e4 25.
bxc6 Qxf5 26. Rd2 Bxc6 27. Ba6 d4 28. Qxd4 Rf7 29. Bc4 Bb5 30. Rxh6 Bxc4+ 31. Qxc4 Kg7 32. Rhd6 g3 33. Qd4+ Kh7 34.
Rd7 Qb5+ 35. Kg1 gxf2+ 36. Rxf2 Qxd7 37. Qxe4+ Kg7 38. Qe5+ Kg8 39. Qb8+ Kh7 40. Rxf7+ Qxf7 41. Qxa7 Qb3 42. Qc5 Qd1+ 43. Kf2 Qd2+ 44. Kg3 Qe1+ 45. Kf3 Qf1+ 46.
Kg3 Qe1+ 47. Kf4 Qh4+ 48. Ke5 Qg5+ 49. Kd6 Qxg2 50. Qf5+ Kg7 51. Qe5+ Kg6 52. Qe6 Kg7 53. e4 Qd2+ 54.
Ke7 Qg5+ 55. Ke8 Qb5+ 56. Qd7+ Qxd7+ 57. Kxd7 Kf6 58. Kd6 Kf7 59. a4 1-0

[Event "The Kvibergspelen 2024"]
[Site "Kviberg Park Hotel & Conference, Krutvagen 2, Gothenburg, Sweden"]
[Date "2024.09.06"]
[Round "3.8"]
[White "Kingsley, Elias"]
[Black "Andersson, Johan"]
[Result "1-0"]
[TimeControl "15 minutes + 5 seconds per move from move one (Round 1 - 4) / 90 minutes + 30 seconds per move from move one (Round 5 - 8)"]
[WhiteFideId "1775006"]
[BlackFideId "1703935"]
[WhiteElo "2047"]
[BlackElo "2158"]

1. c4 d6 2. Nc3 e5 3. Nf3 f5 4. d3 Nf6 5. g3 Be7 6. Bg2 O-O 7. O-O Qe8 8. e4 Nc6 9. Nd5 Bd8 10.
Re1 Qh5 11. Bg5 fxe4 12. dxe4 Bg4 13. Bxf6 Bxf6 14. h3 Bxh3 15. Nxc7 Rad8 16. Qd5+ Rf7 17. Bxh3 Qxh3 18. Ne6 Nb4 19.
Neg5 Nxd5 20. Nxh3 Nb4 21. Red1 h6 22. Kg2 1-0

[Event "The Kvibergspelen 2024"]
[Site "Kviberg Park Hotel & Conference, Krutvagen 2, Gothenburg, Sweden"]
[Date "2024.09.06"]
[Round "3.9"]
[White "Muntean, Victor"]
[Black "Harila, Per"]
[Result "1-0"]
[TimeControl "15 minutes + 5 seconds per move from move one (Round 1 - 4) / 90 minutes + 30 seconds per move from move one (Round 5 - 8)"]
[WhiteFideId "1054414"]
[BlackFideId "1707248"]
[WhiteElo "2158"]
[BlackElo "1922"]

1. e4 d5 2. exd5 Qxd5 3. Nc3 Qd8 4. d4 Nf6 5. Bc4 Bf5 6. Qf3 Qc8 7. Bf4 e6 8. h3 c6 9. O-O-O Bb4 10. g4 Bg6 11. Nge2 Nbd7 12.
h4 h5 13. g5 Nd5 14. Ne4 O-O 15. N4g3 N7b6 16. Bb3 a5 17. c3 Be7 18. Nxh5 a4 19. Bc2 Bxc2 20. Kxc2 c5 21. Be5 f6 22.
gxf6 Nxf6 23. Rhg1 Nxh5 24. Qxh5 Bf6 25. Rg6 Bxe5 26. Qxe5 Qd7 27. dxc5 Qf7 28. Rdg1 Qf5+ 29. Qxf5 1-0

[Event "The Kvibergspelen 2024"]
[Site "Kviberg Park Hotel & Conference, Krutvagen 2, Gothenburg, Sweden"]
[Date "2024.09.06"]
[Round "3.10"]
[White "Ottgard, Andreas"]
[Black "Mashhadi, Peyman"]
[Result "0-1"]
[TimeControl "15 minutes + 5 seconds per move from move one (Round 1 - 4) / 90 minutes + 30 seconds per move from move one (Round 5 - 8)"]
[WhiteFideId "1730592"]
[BlackFideId "1768581"]
[WhiteElo "1931"]
[BlackElo "2148"]

1. c4 g6 2. g3 Bg7 3. Bg2 d6 4. Nc3 Nf6 5. e4 O-O 6. Nge2 c5 7. O-O Nc6 8. d3 a6 9. a4 Rb8 10.
h3 Ne8 11. Rb1 Nc7 12. Be3 Ne6 13. Kh2 Ned4 14. f4 Bd7 15. Qd2 b5 16. axb5 axb5 17. cxb5 Nxb5 18. Nxb5 Rxb5 19. d4 Na5 20.
dxc5 Nc4 21. Qc1 Nxe3 22. Qxe3 Rxc5 23. b4 Rb5 24. Nd4 Qb6 25. Nc2 Rc8 26. Qxb6 Rxb6 27. Ne3 e6 28. Rfd1 Rc3 29.
Ng4 Bb5 30. e5 d5 31. Rb2 Ra6 32. Bf1 Bxf1 33. Rxf1 h5 34. Nf2 Bf8 35. Nd1 Rc4 36. b5 Rb6 37. Ne3 Rc3 38. Nd1 Rc5 39.
Ne3 d4 40. Nc2 d3 41. Nd4 Rc4 42. Nf3 Bc5 43. Rd1 Ba3 44. Ra2 Rc2+ 45. Rxc2 dxc2 46. Rd8+ Kg7 47. Ng5 c1=Q 0-1

[Event "The Kvibergspelen 2024"]
[Site "Kviberg Park Hotel & Conference, Krutvagen 2, Gothenburg, Sweden"]
[Date "2024.09.06"]
[Round "3.11"]
[White "Sjoholm, Emil"]
[Black "Marandi, Nader"]
[Result "1-0"]
[TimeControl "15 minutes + 5 seconds per move from move one (Round 1 - 4) / 90 minutes + 30 seconds per move from move one (Round 5 - 8)"]
[WhiteFideId "1720449"]
[BlackFideId "12536490"]
[WhiteElo "2092"]
[BlackElo "1722"]

1. e4 e5 2. Bc4 Nc6 3. Nf3 Bc5 4. d3 h6 5. c3 d6 6. a4 a5 7. Nbd2 Nf6 8. Nf1 O-O 9. Be3 Ba7 10.
Qd2 d5 11. exd5 Nxd5 12. Bxh6 gxh6 13. Qxh6 Qf6 14. Qd2 Be6 15. Ng3 Nf4 16. Ne4 Qg7 17. Bxe6 Nxe6 18. O-O-O Rfd8 19. Qc2 Nf4 20.
g3 Nh3 21. Nh4 Ne7 22. f4 f5 23. Nd2 Nf2 24. fxe5 Nxh1 25. Rxh1 Be3 26. Nhf3 c5 27. Re1 Qh6 28. Kb1 Rf8 29.
Nc4 Rad8 30. Rxe3 Nd5 31. Re1 Rf7 32. Nd6 Re7 33. Nxf5 Qe6 34. Nxe7+ Nxe7 35. Re4 Kf8 36. Qf2 Ke8 37.
Qxc5 Rxd3 38. Qb5+ Rd7 39. Rd4 Nc6 40. Rxd7 Qxd7 41. Nd4 Qh7+ 42. Ka1 Qxh2 43. Nxc6 Qh1+ 44. Ka2 bxc6 45. Qxa5 Qe4 46.
Ka3 Kd7 47. Qb4 Qd5 48. Qd4 Ke6 49. Qxd5+ 1-0

[Event "The Kvibergspelen 2024"]
[Site "Kviberg Park Hotel & Conference, Krutvagen 2, Gothenburg, Sweden"]
[Date "2024.09.06"]
[Round "3.12"]
[White "Ernst, Thomas"]
[Black "Olsson, Stefan"]
[Result "1-0"]
[TimeControl "15 minutes + 5 seconds per move from move one (Round 1 - 4) / 90 minutes + 30 seconds per move from move one (Round 5 - 8)"]
[WhiteTitle "GM"]
[WhiteFideId "1700065"]
[BlackFideId "1737325"]
[WhiteElo "2261"]
[BlackElo "1896"]

1. d4 Nf6 2. c4 c5 3. d5 b5 4. cxb5 a6 5. bxa6 g6 6. Nc3 Bg7 7. e4 O-O 8. f4 d6 9. Nf3 Bxa6 10.
Bxa6 Nxa6 11. O-O Nd7 12. Qe2 Qb8 13. Be3 Rc8 14. Bf2 e6 15. dxe6 fxe6 16. Rfd1 Nb4 17. Bg3 Nc6 18. Nb5 Nd4 19.
Nbxd4 cxd4 20. Nxd4 Qb4 21. Bf2 e5 22. fxe5 Bxe5 23. b3 Nf6 24. Rab1 Re8 25. Kh1 Qb7 26. Re1 1-0

[Event "The Kvibergspelen 2024"]
[Site "Kviberg Park Hotel & Conference, Krutvagen 2, Gothenburg, Sweden"]
[Date "2024.09.06"]
[Round "3.13"]
[White "Kashwan, Hassan"]
[Black "Andersson, Robert"]
[Result "0-1"]
[TimeControl "15 minutes + 5 seconds per move from move one (Round 1 - 4) / 90 minutes + 30 seconds per move from move one (Round 5 - 8)"]
[WhiteFideId "137122555"]
[BlackFideId "1703226"]
[WhiteElo "1936"]
[BlackElo "2098"]

1. d4 Nf6 2. Nf3 g6 3. e3 Bg7 4. Nbd2 O-O 5. Bc4 d5 6. Bd3 c5 7. c3 cxd4 8. exd4 Nc6 9. O-O Bg4 10.
h3 Bxf3 11. Nxf3 e6 12. Re1 Nd7 13. Bf4 Re8 14. a4 a6 15. Qb3 Qb6 16. Qa2 Rac8 17. Re2 Na5 18. Rae1 Qb3 19. Qa1 Nc4 20.
Bxc4 Qxc4 21. Nd2 Qc6 22. Nb3 b5 23. axb5 axb5 24. Qd1 Bf8 25. Nc1 b4 26. Re3 bxc3 27. bxc3 Ra8 28. Ne2 Ra3 29.
h4 Nf6 30. Rf3 Ne4 31. Qc1 Rc8 32. Bh6 Nxc3 33. Qg5 Nxe2+ 34. Rxe2 Rxf3 35. gxf3 Bxh6 36. Qxh6 Qc1+ 37.
Qxc1 Rxc1+ 38. Kg2 Rd1 39. h5 Rxd4 40.
Kg3 Kg7 41. f4 Kh6 42. f3 g5 43. fxg5+ Kxg5 44. Re5+ Kf6 45. f4 h6 46. Kf3 Re4 47. Rxe4 dxe4+ 48. Kxe4 Ke7 49. f5 Kf6 50. fxe6 Kxe6 51. Kf4 Kf6 52. Kg4 Ke5 53.
Kh4 Kf4 0-1

[Event "The Kvibergspelen 2024"]
[Site "Kviberg Park Hotel & Conference, Krutvagen 2, Gothenburg, Sweden"]
[Date "2024.09.06"]
[Round "3.14"]
[White "Torres, Lucas"]
[Black "Schriever-Abeln, Marius"]
[Result "0-1"]
[TimeControl "15 minutes + 5 seconds per move from move one (Round 1 - 4) / 90 minutes + 30 seconds per move from move one (Round 5 - 8)"]
[WhiteFideId "1769464"]
[BlackFideId "1752650"]
[WhiteElo "1915"]
[BlackElo "2069"]

1. e4 c5 2. Nc3 e6 3. Be2 Nc6 4. d3 Nf6 5. f4 d5 6. Nf3 d4 7. Nb1 Be7 8. O-O O-O 9. h3 a6 10.
a4 Rb8 11. Nbd2 b5 12. axb5 axb5 13. b3 Bb7 14. g4 Ra8 15. Rxa8 Qxa8 16. g5 Nd7 17. Rf2 Nb4 18. Nf1 Qa2 19.
Ne1 Rd8 20. Ng3 Nb6 21. Bf1 Qb1 22. Rd2 Ra8 23. Ne2 Ra1 24. Nf3 Na2 25. Qe1 Nxc1 26. Rd1 Qxc2 27. Rxc1 Rxc1 28. Nxc1 c4 29.
bxc4 bxc4 30. Kh1 Bc5 31. f5 c3 32. fxe6 fxe6 33. Ne5 Qd2 0-1

[Event "The Kvibergspelen 2024"]
[Site "Kviberg Park Hotel & Conference, Krutvagen 2, Gothenburg, Sweden"]
[Date "2024.09.06"]
[Round "3.15"]
[White "Johansson, William"]
[Black "Frank, Anton"]
[Result "1/2-1/2"]
[TimeControl "15 minutes + 5 seconds per move from move one (Round 1 - 4) / 90 minutes + 30 seconds per move from move one (Round 5 - 8)"]
[WhiteFideId "1744070"]
[BlackFideId "1752383"]
[WhiteElo "1899"]
[BlackElo "2142"]

1. b3 e5 2. Bb2 Nc6 3. c4 Nf6 4.
e3 e4 5.
a3 a5 6.
d4 exd3 7. Bxd3 d5 8. Nf3 dxc4 9.
Bxc4 Qxd1+ 10. Kxd1 Be7 11. Ke2 O-O 12. Nc3 Bf5 13. Nb5 Rac8 14. Rhd1 h6 15. h3 Ne4 16. g4 Bg6 17. Rd7 Bd6 18.
Nxd6 Nxd6 19. Ne5 Be4 20. f3 Nxe5 21. Bxe5 Bc6 22. Bxd6 Bxd7 23. Bxf8 Kxf8 24. Rd1 Bc6 25. a4 b6 26.
e4 Ke7 27. Ke3 f6 28. h4 Rd8 29. Rxd8 Kxd8 30. Kd4 Ke7 31. Bd5 Bd7 32. e5 fxe5+ 33. Kxe5 c6 34. Bg8 b5 35. g5 hxg5 36.
hxg5 g6 37. axb5 cxb5 38. Kd4 Kd6 39. Bf7 Be6 40. Be8 b4 41. Ba4 Bd5 42. f4 Be6 43. Ke4 Bf5+ 44. Kd4 Bc2 45. Kc4 Ke6 46.
Kb5 Kf5 47. Kxa5 Kxf4 48. Kxb4 Kxg5 49. Be8 Kf6 50. Bxg6 Bxb3 1/2-1/2

[Event "The Kvibergspelen 2024"]
[Site "Kviberg Park Hotel & Conference, Krutvagen 2, Gothenburg, Sweden"]
[Date "2024.09.06"]
[Round "3.16"]
[White "Thomasson, Staffan"]
[Black "Rajcevski, Dejan"]
[Result "0-1"]
[TimeControl "15 minutes + 5 seconds per move from move one (Round 1 - 4) / 90 minutes + 30 seconds per move from move one (Round 5 - 8)"]
[WhiteFideId "1706284"]
[BlackFideId "1759027"]
[WhiteElo "1877"]
[BlackElo "2131"]

1. c4 e6 2. g3 d5 3. Bg2 Nf6 4.
Nf3 Be7 5. d4 O-O 6. O-O a6 7. b3 dxc4 8. bxc4 c5 9. e3 Nc6 10. Nc3 Ra7 11. d5 exd5 12. cxd5 Na5 13. a4 c4 14.
Rb1 Bf5 15. Qd4 Bxb1 16. Qxa7 Bd3 17. Rd1 Qc7 18. Nd4 Bc5 19. d6 Qxd6 20. Ncb5 Qe7 21. Ba3 Bxa3 22. Nxa3 Qxa3 23. Bxb7 Nxb7 24.
Qxb7 Qxa4 25. Nc6 Qxd1+ 0-1

[Event "The Kvibergspelen 2024"]
[Site "Kviberg Park Hotel & Conference, Krutvagen 2, Gothenburg, Sweden"]
[Date "2024.09.06"]
[Round "3.17"]
[White "Al Waeli, Laith"]
[Black "Frisk, Anders"]
[Result "1-0"]
[TimeControl "15 minutes + 5 seconds per move from move one (Round 1 - 4) / 90 minutes + 30 seconds per move from move one (Round 5 - 8)"]
[WhiteTitle "FM"]
[WhiteFideId "4801059"]
[BlackFideId "1718797"]
[WhiteElo "2049"]
[BlackElo "1871"]

1. e4 c5 2. Nf3 Nc6 3. c3 e6 4. d4 d5 5. exd5 exd5 6. Bb5 Nf6 7. Qe2+ Qe7 8. Bg5 Qxe2+ 9. Kxe2 Be7 10.
dxc5 a6 11. Bxc6+ bxc6 12. b4 h6 13.
Be3 Ne4 14. Bd4 O-O 15. Nbd2 f5 16. Ne5 Bb7 17. f3 Ng5 18.
Kf2 Bf6 19. Rhe1 Rfe8 20. Nb3 Ne6 21. Nd7 Bxd4+ 22. cxd4 Nf4 23. Ne5 Ne6 24. Re3 Nc7 25. Rae1 Nb5 26. Rd3 g5 27. a4 Nc7 28. Na5 Rab8 29.
Rdd1 Kg7 30. Nd7 1-0

[Event "The Kvibergspelen 2024"]
[Site "Kviberg Park Hotel & Conference, Krutvagen 2, Gothenburg, Sweden"]
[Date "2024.09.06"]
[Round "3.18"]
[White "Karlsson, Stefan"]
[Black "Green, David"]
[Result "1-0"]
[TimeControl "15 minutes + 5 seconds per move from move one (Round 1 - 4) / 90 minutes + 30 seconds per move from move one (Round 5 - 8)"]
[WhiteFideId "1771183"]
[BlackFideId "1769332"]
[WhiteElo "2035"]
[BlackElo "1869"]

1. e4 c5 2. Nf3 e6 3. c3 Nf6 4.
e5 Nd5 5. Bc4 Be7 6. Bxd5 exd5 7. d4 d6 8. exd6 Bxd6 9. Bg5 Qb6 10. Qe2+ Be6 11. dxc5 Bxc5 12. b4 Bd6 13. Nd4 O-O 14.
Nxe6 fxe6 15. Qxe6+ Kh8 16. Be3 Qc6 17. b5 Qc7 18. h4 Ba3 19. Nd2 Qxc3 20. O-O d4 21. Ne4 Qb4 22. Rab1 Qa4 23.
Bg5 a6 24. Be7 Re8 25. Ng5 Rxe7 26. Nf7+ Rxf7 27. Qxf7 h6 1-0

[Event "The Kvibergspelen 2024"]
[Site "Kviberg Park Hotel & Conference, Krutvagen 2, Gothenburg, Sweden"]
[Date "2024.09.06"]
[Round "3.19"]
[White "Dingertz, Filip"]
[Black "Sigeman, Johan"]
[Result "1-0"]
[TimeControl "15 minutes + 5 seconds per move from move one (Round 1 - 4) / 90 minutes + 30 seconds per move from move one (Round 5 - 8)"]
[WhiteFideId "1757288"]
[BlackFideId "1705601"]
[WhiteElo "1858"]
[BlackElo "2032"]

1. c4 e5 2. Nc3 Nc6 3. g3 f5 4. Bg2 Nf6 5. d3 g6 6.
e4 d6 7.
h4 Bg7 8. Bg5 h6 9. Bxf6 Qxf6 10. Nge2 O-O 11. Nd5 Qf7 12. exf5 Bxf5 13. O-O Rae8 14. Nec3 Nd4 15. Ne3 c6 16.
Nxf5 Qxf5 17. Ne4 Nf3+ 18. Bxf3 Qxf3 19. Nxd6 Rd8 20. Nxb7 Rb8 21. Nc5 Rxb2 22. Qxf3 Rxf3 23. Kg2 Rf7 24.
a4 e4 25. Nxe4 Rb4 26. Rfb1 a5 1-0

[Event "The Kvibergspelen 2024"]
[Site "Kviberg Park Hotel & Conference, Krutvagen 2, Gothenburg, Sweden"]
[Date "2024.09.06"]
[Round "3.20"]
[White "Kallen, Jonas"]
[Black "Kleist, Axel"]
[Result "0-1"]
[TimeControl "15 minutes + 5 seconds per move from move one (Round 1 - 4) / 90 minutes + 30 seconds per move from move one (Round 5 - 8)"]
[WhiteFideId "1712896"]
[BlackFideId "1764322"]
[WhiteElo "2026"]
[BlackElo "1855"]

1. e4 c5 2. Nf3 d6 3. d4 cxd4 4. Nxd4 Nf6 5. Nc3 g6 6.
Be2 Nc6 7. Be3 h5 8. Nb3 Bg7 9. f3 Be6 10. Nd5 Bxd5 11. exd5 Ne5 12. O-O Rc8 13. Qd4 Rxc2 14. Bb5+ Kf8 15. Qxa7 Nxd5 16. Bd4 Nf4 17.
Rf2 Rxf2 18. Bxf2 e6 19. Bg3 Bh6 20. Qxb7 h4 21. Bxf4 Bxf4 22. Qe4 Qg5 23. Bf1 d5 24. Qe2 Kg7 25.
Kh1 Nc4 26. Nc5 Rc8 27. Nd3 Be3 28. b3 Nd6 29. Re1 Nf5 30. a4 Rh8 31. h3 0-1